 Dungeon Crawl Stone Soup version 0.18-a0-1195-g77a4f03 (webtiles) character file.

274 Trivium the Ducker (level 6, 0/62 HPs)
             Began as a Troll Monk on Jan 29, 2016.
             Slain by Tuowko the merfolk
             ... wielding a +0 trident of flaming
             ... created by the player character
              (24 damage)
             ... on level 4 of the Dungeon.
             The game lasted 00:05:08 (2428 turns).

Trivium the Ducker (Troll Monk)                     Turns: 2428, Time: 00:05:08

Health: 0/62       AC:  5    Str: 26    XL:     6   Next: 3%
Magic:  5/5        EV: 11    Int: 11    God:
Gold:   245        SH:  0    Dex: 13    Spells: 0 memorised, 5 levels left

rFire  + . .     SeeInvis .       - Unarmed
rCold  + . .     Gourm    +     a - +0 robe
rNeg   . . .     Faith    .     (no shield)
rPois  +         Spirit   .     (helmet restricted)
rElec  +         Dismiss  .     (no cloak)
rCorr  +         Reflect  .     (gloves unavailable)
SustAt .         Harm     .     (boots unavailable)
MR     .....                    q - amulet of magic regeneration
Stlth  +++.......               u - +5 ring of intelligence
                                r - ring of stealth

@: mighty, resistant, flying, drained, not resistant to hostile enchantments,
fairly stealthy
A: unfitting armour, claws 3, fast metabolism 3, gourmand, regeneration 2,
shaggy fur 1, tough skin 2
a: no special abilities


You were on level 4 of the Dungeon.
You were full.

You visited 1 branch of the dungeon, and saw 4 of its levels.

You collected 245 gold pieces.

Inventory:

Missiles
 t - 2 throwing nets (quivered)
Armour
 a - a +0 robe (worn)
Jewellery
 q - an amulet of magic regeneration (around neck)
 r - a ring of stealth (left claw)
 u - a +5 ring of intelligence (right claw)
Scrolls
 d - 2 scrolls of amnesia {unknown}
 e - a scroll of teleportation {unknown}
 g - a scroll of random uselessness {unknown}
 h - a scroll of identify
 i - 2 scrolls of remove curse
 j - 3 scrolls of immolation {unknown}
 m - a scroll of blinking {unknown}
 n - a scroll of enchant weapon {unknown}
 o - a scroll of magic mapping {unknown}
Potions
 c - a potion of heal wounds {unknown}
 k - 2 potions of lignification
 p - a potion of cancellation
 x - a potion of cure mutation {unknown}
Miscellaneous
 f - a plain deck of wonders {drawn: 5}
Comestibles
 b - 3 bread rations
 l - 2 meat rations


   Skills:
 + Level 3.6(3.5) Fighting
 + Level 4.3(4.2) Dodging
 + Level 2.0(1.9) Stealth
 - Level 4.0(3.8) Unarmed Combat


You had 5 spell levels left.
You didn't know any spells.

Dungeon Overview and Level Annotations

Branches:
Dungeon (4/15)
 Temple: D:4-7

Altars:
Ashenzari
Gozag
Nemelex Xobeh


Innate Abilities, Weirdness & Mutations

You are too large for most types of armour.
You have claws for hands.
Your metabolism is lightning-fast.
You like to eat raw meat.
You heal very quickly.
You are covered in fur (AC +1).
You have very tough skin (AC +2).


Message History

Tuowko burns you.
You mangle the ogre!!
The ogre is severely wounded.
The ogre barely misses you.
Tuowko hits you from afar with a trident of flaming!
You claw the ogre!
You kill the ogre!
Your base Stealth skill increases to level 2!
You have reached level 6!
Your experience leads to an increase in your attributes!
Your base attributes are Str 19, Int 6, Dex 13.
Increase (S)trength, (I)ntelligence, or (D)exterity?
You feel stronger. x2
Tuowko hits you from afar with a trident of flaming!
Tuowko burns you. Tuowko hits you but does no damage.
You see here a giant spiked club.
You scratch Tuowko but do no damage.
Tuowko hits you with a trident of flaming!!
You die...

###...##########......#########.#
##..##########......# #.#
#..#...............# #.#
####..#.########.###### #.#
......#.# #.# #.# ###.#.#.# #.#
#.# #.#...# #.# ############.#
###.#...# #.# #............#
..#.#...# #@# #.############
..#.#...# #m# #.# ..#.#.#.#
#.###'### ###.#.#.. #....†..#
#.#..# ####.#.....# #. ...
#..........# #..........#
#..........# #.....######


You could see Tuowko the merfolk.

Vanquished Creatures
  An ogre (D:4)
  A scorpion (D:4)
  A worker ant (D:4)
  A gnoll (D:1)
  2 adders
  2 worms
  2 giant geckos
  10 goblins
  10 hobgoblins
  7 jackals
  10 kobolds
  A quokka (D:2)
  3 ball pythons
  14 bats
  3 giant newts
  A quokka zombie (D:3)
  7 rats
76 creatures vanquished.

Notes
Turn   | Place    | Note
--------------------------------------------------------------
     0 | D:1      | Trivium the Troll Monk began the quest for the Orb.
     0 | D:1      | Reached XP level 1. HP: 22/22 MP: 0/0
    72 | D:1      | Reached XP level 2. HP: 29/29 MP: 1/1
   164 | D:1      | Found a sparkling altar of Nemelex Xobeh.
   229 | D:1      | Reached XP level 3. HP: 36/36 MP: 2/2
   814 | D:2      | Reached XP level 4. HP: 43/45 MP: 3/3
  1435 | D:3      | Found a shattered altar of Ashenzari.
  2022 | D:3      | Found an opulent altar of Gozag.
  2348 | D:4      | Reached XP level 5. HP: 44/53 MP: 4/4
  2407 | D:4      | Noticed an ogre
  2412 | D:4      | Noticed Tuowko
  2426 | D:4      | Killed an ogre
  2426 | D:4      | Reached XP level 6. HP: 35/62 MP: 5/5
  2428 | D:4      | Slain by Tuowko the merfolk

Vault maps used:
D:1:      lightli_arrival_noodles, nemelex_deck
D:2:      minmay_close_crescents
D:3:      nicolae_overflow_crystal_walls, nicolae_ashenzari_panopticon
D:4:      temple_green, first_bread

Action                   |  1- 3 |  4- 6 || total
-------------------------+-------+-------++-------
Melee: Unarmed           |    96 |   102 ||   198
Evoke: Deck              |       |     5 ||     5
  Use: Scroll            |       |     3 ||     3
       Potion            |       |     3 ||     3
 Stab: Sleeping          |     1 |     7 ||     8
  Eat: Chunk             |    13 |    12 ||    25
